 Dungeon Crawl Stone Soup version 0.28-a0-1415-g7c84da036a (webtiles) character file.

Game seed: 10863284223835502865

9 Shayle the Ducker (level 2, 0/29 HPs)
             Began as an Ogre Warper on Jan 7, 2022.
             Succumbed to a goblin's poison
             ... on level 1 of the Dungeon.
             The game lasted 00:01:54 (636 turns).

Shayle the Ducker (Ogre Warper)                      Turns: 636, Time: 00:01:55

Health: 0/29       AC:  3    Str: 14    XL:     2   Next: 16%
Magic:  5/5        EV: 10    Int: 14    God:
Gold:   22         SH:  0    Dex:  8    Spells: 5/5 levels left

rFire   . . .      SeeInvis .   e - +0 dagger (venom)
rCold   . . .      Faith    .   (no shield)
rNeg    . . .      Spirit   .   a - +0 robe
rPois   .          Reflect  .   (helmet restricted)
rElec   .          Harm     .   (no cloak)
rCorr   .          Rampage  .   (gloves unavailable)
Will    .....                   (boots unavailable)
Stlth   +.........              (no amulet)
HPRegen 0.09/turn               (no ring)
MPRegen 0.09/turn               (no ring)

@: lethally poisoned (0 -> -3)
A: large, unfitting armour, tough skin 1
a: no special abilities


You were on level 1 of the Dungeon.
You visited 1 branch of the dungeon, and saw 1 of its levels.

You collected 22 gold pieces.

Inventory:

Hand Weapons
 e - a +0 dagger of venom (weapon)
Missiles
 c - 5 boomerangs of dispersal (quivered)
Armour
 a - a +0 robe (worn)
Jewellery
 d - an amulet of faith


   Skills:
 - Level 2.6 Fighting
 - Level 1.0 Throwing
 + Level 2.8 Dodging
 - Level 1.7 Unarmed Combat
 - Level 2.4 Spellcasting
 - Level 2.6 Translocations


You had 5 spell levels left.
You didn't know any spells.
Your spell library contained the following spells:

 Spells                   Type           Power      Damage    Failure   Level
 Blink                    Tloc           18%        N/A       12%         2
 Gell's Gravitas          Tloc           9%         N/A       22%         3
 Lesser Beckoning         Tloc           9%         N/A       22%         3
 Teleport Other           Tloc           9%         N/A       22%         3
 Stone Arrow              Conj/Erth      2%         3d7       56%         3
 Manifold Assault         Tloc           9%         N/A       91%         5
 Animate Armour           Summ/Erth      2%         N/A       92%         4
 Lehudib's Crystal Spear  Conj/Erth      0%         10d2      100%        8


Dungeon Overview and Level Annotations

Branches:
Dungeon (1/15)

Altars:


Innate Abilities, Weirdness & Mutations

You are too large for most types of armour.
You have tough skin. (AC +1)


Message History

You barely miss the goblin.
You feel very sick.
The goblin hits you with a +0 dagger of venom.
You are more poisoned.
You closely miss the goblin.
You feel very sick. The goblin hits you but does no damage.
You barely miss the goblin.
You feel sick. The goblin completely misses you.
You closely miss the goblin.
You feel sick.
The goblin hits you with a +0 dagger of venom.
You are lethally poisoned!
You hit the goblin.
You kill the goblin!
You feel very sick.
You feel very sick.
Things that are here:
a +0 dagger of venom; a goblin corpse
e - a +0 dagger of venom
* * * LOW HITPOINT WARNING * * *
You feel sick.
Your +0 dagger of venom begins to drip with poison!
e - a +0 dagger of venom (weapon)
* * * LOW HITPOINT WARNING * * *
You feel sick.
There is a lethal amount of poison in your body!
You aren't carrying any potions.
Okay, then.
* * * LOW HITPOINT WARNING * * *
You feel sick.
* * * LOW HITPOINT WARNING * * *
You feel sick.
* * * LOW HITPOINT WARNING * * *
You feel sick.
Blink to where?
Press: ? - help, Dir - move target
Found 16 gold pieces and a hunting sling.
As you read the scroll of blinking, it crumbles to dust.
* * * LOW HITPOINT WARNING * * *
You feel sick.
You die...

### #.####### #...†...#
#.#####.######## #.#............#
#.#.###.######.# ###.# ..#...)@.#
#####
#.#.######################...#
##............................#
..............................#
##.#.#.....###.......####.....###
...........................>>....
##.#.#.###.###.#####.#####.##.###
.#.#.#.# #.....#####..........##
.#.#.#.######......########....##


There were no monsters in sight!

Vanquished Creatures
  An endoplasm (D:1)
  A giant cockroach (D:1)
  A goblin (D:1)
  2 hobgoblins (D:1)
  2 bats (D:1)
  A frilled lizard (D:1)
  A kobold (D:1)
9 creatures vanquished.

Notes
Turn   | Place    | Note
-------+----------+-------------------------------------------
     0 | D:1      | Shayle the Ogre Warper began the quest for the Orb.
     0 | D:1      | Reached XP level 1. HP: 22/22 MP: 3/3
   349 | D:1      | Reached XP level 2. HP: 29/29 MP: 5/5
   635 | D:1      | HP: 1/29 [poisoned by a goblin]
   636 | D:1      | Succumbed to a goblin's poison

Illustrated notes

Levels and vault maps discovered:
D:1:      nagdon_arrival_zigzag_paths, layout_basic, due_unseen_surprise

Action                   || total
-------------------------++-------
Melee: Unarmed           ||    42
  Use: Scroll            ||     4
Armor: Robe              ||    14
Dodge: Dodged            ||    29

Table legend: (Time is in decaauts)
 A = Elapsed time spent in this place.
 B = Non-inter-level travel time spent in this place.
 C = Inter-level travel time spent in this place.
 D = Time resting spent in this place.
 E = Time spent auto-exploring this place.
 F = Levels seen in this place.
 G = Mean time per level.
                   A        B        C        D        E       F      G
               +--------+--------+--------+--------+--------+-----+--------+
         Total |    634 |    634 |      0 |    118 |    394 |   1 |  634.0 |
       Dungeon |    634 |    634 |      0 |    118 |    394 |   1 |  634.0 |
               +--------+--------+--------+--------+--------+-----+--------+

Top non-repeatable levels by time:
     D:1: 634 daAuts
